 Dungeon Crawl Stone Soup version 0.16-a0-2896-gd83f56c (webtiles) character file.

445 stonewall the Cutter (level 6, -1/48 HPs)
             Began as a Mummy Arcane Marksman on Dec 1, 2014.
             Slain by a quokka (3 damage)
             ... summoned by Eustachio
             ... on level 5 of the Dungeon.
             The game lasted 00:05:50 (4319 turns).

stonewall the Cutter (Mummy Arcane Marksman)        Turns: 4319, Time: 00:05:50

Health: -1/48      AC:  6    Str: 16    XL:     6   Next: 72%
Magic:  8/8        EV:  5    Int: 12    God:
Gold:   253        SH:  7    Dex: 11    Spells: 1 memorised, 6 levels left

rFire  x . .     SeeInvis .     l - +1 dagger (drain)
rCold  + . .     Clarity  .     n - +0 scale mail
rNeg   + + +     SustAb   .     h - +0 shield
rPois  ∞         Gourm    .     (no helmet)
rElec  .         Spirit   .     (no cloak)
rCorr  .         Warding  .     (no gloves)
rMut   .         Stasis   .     (no boots)
MR     .....                    (no amulet)
Stlth  ..........               (no ring)
                                (no ring)

@: not resistant to hostile enchantments, extremely unstealthy
A: no food or potions, fire vulnerability, restore body, cold resistance 1,
negative energy resistance 3, poison resistance, torment resistance, unbreathing
a: no special abilities


You were on level 5 of the Dungeon.
You were not hungry.

You visited 1 branch of the dungeon, and saw 5 of its levels.

You collected 253 gold pieces.

Inventory:

Hand weapons
 b - a +0 hunting sling
 g - a +1 hunting sling
 l - a +1 dagger of draining (weapon)
 p - a +0 falchion of slicing
 r - a +0 blowgun
Missiles
 f - 189 stones (quivered)
 k - 7 sling bullets
 o - 11 sling bullets of flame
Armour
 a - a +0 robe
 h - a +0 shield (worn)
 n - a +0 scale mail (worn)
Magical devices
 c - a wand of random effects (13)
Scrolls
 e - a scroll of enchant weapon
 i - 2 scrolls of identify
 j - a scroll of blinking
 m - 2 scrolls of immolation {unknown}
 q - a scroll of magic mapping {unknown}
 t - a scroll of enchant armour {unknown}
Books
 d - a book of Debilitation

   Spells                             Type                      Level
   a - Corona                         Hexes                        1
   b - Slow                           Hexes                        2
   c - Inner Flame                    Hexes/Fire                   3
   d - Enslavement                    Hexes                        4
   e - Cause Fear                     Hexes                        4
   f - Leda's Liquefaction            Hexes/Earth                  4
 u - Vehumet's Handbook of Conjuration
   (You found it on level 4 of the Dungeon)

   Spells                             Type                      Level
   a - Magic Dart                     Conjuration                  1
 v - Sif Muna's Disquisition on Battle Magic
   (You found it on level 4 of the Dungeon)

   Spells                             Type                      Level
   a - Sting                          Conjuration/Poison           1
 w - Kikubaaqudgha's Guide on Necromancy
   (You found it on level 4 of the Dungeon)

   Spells                             Type                      Level
   a - Animate Skeleton               Necromancy                   1


   Skills:
 - Level 3.9 Fighting
 + Level 4.4(4.5) Short Blades
 - Level 1.2(3.0) Long Blades
 - Level 1.5 Slings
 - Level 1.5 Dodging
 - Level 1.0 Spellcasting
 - Level 2.6 Hexes


You had 6 spell levels left.
You knew the following spells:

 Your Spells              Type           Power        Failure   Level  Hunger
a - Corona                Hex            #......      100%        1    N/A

Dungeon Overview and Level Annotations

Branches:
Dungeon (5/15)
 Temple: D:4-7

Altars:
Ashenzari
Cheibriados
Kikubaaqudgha
Sif Muna
Vehumet
Yredelemnul

Annotations:
D:5 Eustachio


Innate Abilities, Weirdness & Mutations

You do not eat or drink.
Your flesh is vulnerable to fire.
Your flesh is cold resistant.
You are immune to negative energy.
Your system is resistant to poisons.
You are immune to unholy pain and torment.
You can survive without breathing.


Message History

You hit Eustachio but do no damage. You drain Eustachio!
Eustachio is severely wounded.
The quokka bites you but does no damage.
You block Eustachio's attack. The river rat bites you.
* * * LOW HITPOINT WARNING * * *
The quokka bites you but does no damage.
Unknown command.
Unknown command.
You closely miss Eustachio.
Eustachio is severely wounded.
The river rat bites you!
* * * LOW HITPOINT WARNING * * *
Eustachio hits you with a falchion.
* * * LOW HITPOINT WARNING * * *
You block the quokka's attack.
Unknown command.
You closely miss Eustachio.
Eustachio is severely wounded.
The quokka bites you.
You die...

. #.. ... .
..
..#####'###
.(.....b@@#
.........rr#
..........b#
...........#
..........#
##.?......#
#........#
+........#
........#


You could see Eustachio, a river rat, a quokka and 2 bats.

Vanquished Creatures
  An ogre (D:4)
  Sigmund (D:2)
  A hound (D:4)
  3 worker ants (D:4)
  Ijyb (D:2)
  7 adders
  3 worms
  A giant gecko (D:4)
  6 orcs
  A bat skeleton (D:4)
  3 giant cockroaches
  5 goblins
  8 hobgoblins
  7 jackals
  13 kobolds
  2 ball pythons
  6 bats
  2 giant newts
  A quokka skeleton (D:4)
  5 rats
77 creatures vanquished.

Vanquished Creatures (others)
  An orc (D:4)
1 creature vanquished.

Grand Total: 78 creatures vanquished

Notes
Turn   | Place    | Note
--------------------------------------------------------------
     0 | D:1      | stonewall, the Mummy Arcane Marksman, began the quest for the Orb.
     0 | D:1      | Reached XP level 1. HP: 15/15 MP: 2/2
   306 | D:1      | Reached XP level 2. HP: 22/22 MP: 3/3
   885 | D:2      | Reached skill level 3 in Fighting
   885 | D:2      | Reached XP level 3. HP: 16/29 MP: 4/4
  1517 | D:2      | Noticed Ijyb
  1532 | D:2      | Killed Ijyb
  1536 | D:2      | Reached XP level 4. HP: 29/37 MP: 5/5
  1760 | D:2      | Noticed Sigmund
  1765 | D:2      | Killed Sigmund
  1765 | D:2      | Reached XP level 5. HP: 42/42 MP: 7/7
  2995 | D:4      | Found a radiant altar of Vehumet.
  3000 | D:4      | Found a deep blue altar of Sif Muna.
  3003 | D:4      | Found an ancient bone altar of Kikubaaqudgha.
  3096 | D:4      | Found a shattered altar of Ashenzari.
  3101 | D:4      | Found a snail-covered altar of Cheibriados.
  3109 | D:4      | Found a basalt altar of Yredelemnul.
  3393 | D:4      | Reached XP level 6. HP: 37/48 MP: 8/8
  3463 | D:4      | Noticed an ogre
  3476 | D:4      | Killed an ogre
  3476 | D:4      | Reached skill level 4 in Short Blades
  3777 | D:4      | Reached skill level 1 in Long Blades
  4070 | D:4      | Identified Vehumet's Handbook of Conjuration
  4077 | D:4      | Identified Sif Muna's Disquisition on Battle Magic
  4084 | D:4      | Identified Kikubaaqudgha's Guide on Necromancy
  4138 | D:5      | Entered Level 5 of the Dungeon
  4140 | D:5      | Noticed Eustachio
  4318 | D:5      | HP: 2/48 [Eustachio/falchion (1)]
  4319 | D:5      | Slain by a quokka

Action                   |  1- 3 |  4- 6 || total
-------------------------+-------+-------++-------
Melee: Dagger            |       |   171 ||   171
       Falchion          |       |    48 ||    48
 Fire: Hunting sling     |   116 |       ||   116
       Blowgun           |       |    10 ||    10
Evoke: Wand              |       |     7 ||     7
  Use: Scroll            |     1 |     3 ||     4
